 Dungeon Crawl Stone Soup version 0.19-a0-1922-g1e9a4c1 (webtiles) character file.

72 Psiweapon the Shield-Bearer (level 4, -1/37 HPs)
             Began as a Formicid Fighter on Oct 24, 2016.
             Killed by divine providence
             ... invoked by an orc priest
              (11 damage)
             ... on level 3 of the Dungeon.
             The game lasted 00:05:14 (1818 turns).

Psiweapon the Shield-Bearer (Formicid Fighter)      Turns: 1818, Time: 00:05:14

Health: -1/37      AC:  6    Str: 17 (20) XL:     4   Next: 50%
Magic:  4/4        EV:  8    Int:  8 (9)  God:
Gold:   99         SH:  9    Dex: 10      Spells: 0 memorised, 3 levels left

rFire  . . .     SeeInvis +     a - +0 quarterstaff
rCold  . . .     Gourm    .     b - +0 scale mail
rNeg   . . .     Faith    .     c - +0 shield
rPois  .         Spirit   .     (helmet unavailable)
rElec  .         Reflect  .     (no cloak)
rCorr  .         Harm     .     (no gloves)
MR     .....                    (no boots)
Stlth  ..........               (no amulet)
                                (no ring)
                                (no ring)

@: no status effects
A: permanent stasis, dig shafts and tunnels, four strong arms, antennae 3
a: Dig, Shaft Self


You were on level 3 of the Dungeon.
You were not hungry.

You visited 1 branch of the dungeon, and saw 4 of its levels.

You collected 99 gold pieces.

Inventory:

Hand Weapons
 a - a +0 quarterstaff (weapon)
Missiles
 g - 18 bolts
 h - 34 arrows
Armour
 b - a +0 scale mail (worn)
 c - a +0 shield (worn)
Magical Staves
 k - an uncursed staff of conjuration
Wands
 p - a wand of flame (18/48)
Scrolls
 e - a scroll of amnesia {unknown}
 j - a scroll of immolation {unknown}
Potions
 d - 2 potions of might
 i - a potion of brilliance
 o - 2 potions of invisibility {unknown}
 q - a potion of cure mutation {unknown}
Comestibles
 f - 3 bread rations
 l - 8 chunks of flesh
 m - a slice of pizza
 n - 3 meat rations


   Skills:
 + Level 3.8 Fighting
 + Level 3.0 Staves
 + Level 3.6 Armour
 + Level 0.8 Dodging
 + Level 4.2 Shields


You had 3 spell levels left.
You didn't know any spells.

Dungeon Overview and Level Annotations

Branches:
Dungeon (4/15)
 Temple: D:4-7

Altars:
Nemelex Xobeh


Innate Abilities, Weirdness & Mutations

You are under a permanent stasis effect.
You can dig through walls and to a lower floor.
Your four strong arms can wield two-handed weapons with a shield.
You have a pair of large antennae on your head. (SInv)


Message History

You closely miss the orc wizard.
The orc wizard is heavily wounded.
The orc priest moves out of view.
The orc hits you but does no damage.
The orc priest calls down the wrath of Beogh upon you.
Beogh smites you! The orc wizard hits you with a dagger.
You extend your mandibles.
You dig through the rock wall.
The orc closely misses you. You block the orc's attack.
Found 10 gold pieces.
You retract your mandibles.
The orc priest calls down the wrath of Beogh upon you.
Beogh smites you!
* * * LOW HITPOINT WARNING * * *
The orc barely misses you.
You hit the orc priest.
The orc priest is heavily wounded.
The orc priest calls down the wrath of Beogh upon you.
Beogh smites you!
You die...

##.##
#.........#.##..
#...#
#......####.####
#...# #......#
#.# #..>#
######## #.#
###.###### #.#
#......# #.#
#.####.#
#.###oo#
#...@#.#
#.##o#.#
#.##....
#......## ##
#####


You could see an orc priest, an orc wizard and an orc.

Vanquished Creatures
  A howler monkey skeleton (D:4)
  2 adders
  A worm (D:2)
  A dart slug (D:2)
  2 leopard geckos
  An orc (D:3)
  3 bats
  3 giant cockroaches
  A goblin (D:1)
  8 hobgoblins
  2 jackals (D:1)
  A frilled lizard (D:2)
  A kobold (D:2)
  7 rats
34 creatures vanquished.

Notes
Turn   | Place    | Note
-------+----------+-------------------------------------------
     0 | D:1      | Psiweapon the Formicid Fighter began the quest for the Orb.
     0 | D:1      | Reached XP level 1. HP: 18/18 MP: 1/1
   199 | D:2      | Reached XP level 2. HP: 20/24 MP: 2/2
   337 | D:1      | Found a sparkling altar of Nemelex Xobeh.
   863 | D:1      | Reached XP level 3. HP: 12/29 MP: 3/3
  1170 | D:2      | Reached skill level 4 in Shields
  1592 | D:2      | Reached XP level 4. HP: 36/36 MP: 4/4
  1818 | D:3      | Killed from afar by an orc priest

Vault maps used:
D:1:      minmay_arrival_pointy, nemelex_xobeh_ov_fountains_minmay
D:2:      roderic_whirl, uniq_sigmund
D:3:      first_bread
D:4:      minmay_mini_ossuary

Skill      XL: |  1  2  3  4 |
---------------+-------------+-----
Shields        | 4 |  4.2
Staves         | 3 |  3.0
Fighting       | |  3.8
Armour         | |  3.6
Dodging        | |  0.8

Action                   |  1- 3 |  4- 6 || total
-------------------------+-------+-------++-------
Melee: Quarterstaff      |   112 |    46 ||   158
 Abil: Dig               |       |     1 ||     1
  Use: Potion            |     2 |       ||     2
  Eat: Chunk             |     2 |     1 ||     3
Armor: Scale mail        |    50 |    12 ||    62
Dodge: Dodged            |    24 |    13 ||    37
Block: Shield            |    52 |    14 ||    66
